 Dungeon Crawl Stone Soup version 0.23.1-37-gaa34b87 (webtiles) character file.

Game seed: 5475131854417794502

464 snowfan the Chiller (level 6, -1/44 HPs)
             Began as a Mummy Ice Elementalist on Mar 22, 2019.
             Slain by an ogre
             ... wielding a +0 giant club
              (27 damage)
             ... on level 4 of the Dungeon.
             The game lasted 00:19:59 (5191 turns).

snowfan the Chiller (Mummy Ice Elementalist)        Turns: 5191, Time: 00:20:00

Health: -1/44      AC:  4    Str: 11    XL:     6   Next: 80%
Magic:  0/10       EV: 12    Int: 17    God:
Gold:   144        SH:  0    Dex: 12    Spells: 7/10 levels left

rFire    x . .     SeeInvis .   i - +0 hunting sling
rCold    + . .     Gourm    .   (no shield)
rNeg     + + +     Faith    .   a - +0 robe
rPois    ∞         Spirit   .   k - +0 helmet
rElec    .         Reflect  .   p - +0 cloak
rCorr    .         Harm     .   (no gloves)
MR       .....                  (no boots)
Stlth    ++........             (no amulet)
HPRegen  0.14/turn              (no ring)
MPRegen  0.12/turn              (no ring)

@: very slightly contaminated
A: no food or potions, fire vulnerability, cold resistance 1, negative energy
resistance 3, torment resistance, unbreathing
a: no special abilities


You were on level 4 of the Dungeon.
You were not hungry.

You visited 1 branch of the dungeon, and saw 4 of its levels.

You collected 144 gold pieces.

Inventory:

Hand Weapons
 b - a +0 club
 i - a +0 hunting sling (weapon)
 n - a cursed -3 war axe
 o - a +3 quarterstaff of chaos
Missiles
 e - 216 stones (quivered)
 g - 48 sling bullets
Armour
 a - a +0 robe (worn)
 k - a +0 helmet (worn)
 p - a +0 cloak (worn)
Wands
 l - a wand of polymorph (10)
Scrolls
 c - a scroll of blinking {unknown}
 d - 2 scrolls of identify {unknown}
 f - a scroll of enchant armour {unknown}
 h - 2 scrolls of fog {unknown}
 j - a scroll of magic mapping {unknown}
 m - a scroll of remove curse {unknown}
 q - a scroll of random uselessness {unknown}


   Skills:
 - Level 2.0 Fighting
 + Level 2.4 Armour
 - Level 1.5 Dodging
 - Level 1.5 Stealth
 - Level 2.6 Spellcasting
 - Level 3.3 Conjurations
 - Level 4.3 Ice Magic


You had 7 spell levels left.
You knew the following spells:

 Your Spells              Type           Power        Failure   Level  Hunger
a - Freeze                Ice            ###.         3%          1    N/A
s - Throw Frost           Conj/Ice       ###...       6%          2    N/A

Your spell library contained the following spells:

 Spells                   Type           Power        Failure   Level  Hunger
 Ozocubu's Armour         Chrm/Ice       #.......     22%         3    N/A
 Throw Icicle             Conj/Ice       ###.....     36%         4    N/A
 Summon Ice Beast         Ice/Summ       #.......     58%         4    N/A

Dungeon Overview and Level Annotations

Branches:
Dungeon (4/15)
 Temple: D:4-7

Altars:
Trog


Innate Abilities, Weirdness & Mutations

You do not eat or drink.
Your flesh is vulnerable to fire.
You are immune to poison.
Your flesh is cold resistant. (rC+)
You are immune to negative energy. (rN+++)
You are immune to unholy pain and torment.
You can survive without breathing.


Message History

You freeze the ogre.
The ogre is lightly wounded.
The ogre closely misses you.
Casting: Freeze (safe; 3% risk of failure)
Confirm with . or Enter, or press ? or * to list all spells.
Aiming: Freeze (safe; 3% risk of failure)
Press: ? - help, Shift-Dir - straight line, f/p - ogre
Aim: an ogre, wielding a +0 giant club You freeze the ogre!
The ogre is moderately wounded.
Casting: Freeze (safe; 3% risk of failure)
Confirm with . or Enter, or press ? or * to list all spells.
Aiming: Freeze (safe; 3% risk of failure)
Press: ? - help, Shift-Dir - straight line, f/p - ogre
Aim: an ogre, wielding a +0 giant club (moderately wounded)
You freeze the ogre!
The ogre is heavily wounded.
The ogre hits you with a +0 giant club!!
Ouch! That really hurt!
You die...

#. #%##.##.###
#.##.......# #.......####
######.†.# # #...# #.
#<..# ##.##.#
#####...#####
.......##...........###..
#(.@O...............
#..(..##......[....###..
##.#.# #####...##### #.
.. # #. #...# .. . .
#...# #.###. .# #...#
#..... #. ##.## ...#.## #
...a..#####.


You could see an ogre.

Vanquished Creatures
  2 centaur skeletons (D:4)
  An orc wizard (D:3)
  An orc priest (D:3)
  Crazy Yiuf (D:3)
  Terence (D:3)
  Natasha (thrice) (D:2)
  An iguana (D:4)
  Robin (D:2)
  5 adders
  An ooze (D:2)
  3 worms
  A dart slug (D:1)
  2 leopard geckos
  7 orcs
  3 giant cockroaches
  20 goblins
  11 hobgoblins
  16 jackals
  9 bats
  8 frilled lizards
  11 kobolds
  4 rats (D:1)
112 creatures vanquished.

Notes
Turn   | Place    | Note
-------+----------+-------------------------------------------
     0 | D:1      | snowfan the Mummy Ice Elementalist began the quest for the
                  | Orb.
     0 | D:1      | Reached XP level 1. HP: 13/13 MP: 4/4
   208 | D:1      | Reached XP level 2. HP: 16/19 MP: 1/5
   209 | D:1      | Reached skill level 3 in Ice Magic
   213 | D:1      | Learned a level 2 spell: Throw Frost
   954 | D:1      | Reached XP level 3. HP: 24/24 MP: 2/7
  1146 | D:1      | Reached skill level 1 in Conjurations
  1872 | D:2      | Found a bloodstained altar of Trog.
  2290 | D:2      | Reached XP level 4. HP: 30/30 MP: 4/8
  2414 | D:2      | Found a faded altar of an unknown god.
  2440 | D:2      | Noticed Natasha
  2440 | D:2      | Noticed Robin
  2467 | D:2      | Killed Natasha
  2736 | D:2      | Killed Robin
  2793 | D:2      | Noticed Natasha
  2803 | D:2      | Killed Natasha
  2803 | D:2      | Reached XP level 5. HP: 6/35 MP: 3/9
  3092 | D:2      | Noticed Natasha
  3104 | D:2      | Killed Natasha
  3104 | D:2      | Reached skill level 4 in Ice Magic
  3892 | D:3      | Found a runed translucent door.
  3893 | D:3      | Noticed Crazy Yiuf
  3972 | D:3      | Killed Crazy Yiuf
  4106 | D:3      | Noticed Terence
  4116 | D:3      | Killed Terence
  4116 | D:3      | Reached skill level 1 in Fighting
  4116 | D:3      | Reached XP level 6. HP: 42/43 MP: 5/10
  4634 | D:3      | Reached skill level 1 in Armour
  5191 | D:4      | Slain by an ogre

Skill      XL: |  1  2  3  4  5  6 |
---------------+-------------------+-----
Ice Magic      | 3 4 |  4.3
Conjurations   | 1 2 3 |  3.3
Fighting       | 1 2 |  2.0
Armour         | 2 |  2.4
Dodging        | |  1.5
Stealth        | |  1.5
Spellcasting   | |  2.6

Action                   |  1- 3 |  4- 6 || total
-------------------------+-------+-------++-------
Melee: Club              |    12 |       ||    12
       Unarmed           |     1 |       ||     1
 Fire: Hunting sling     |       |    87 ||    87
Throw: Stone             |     4 |       ||     4
 Cast: Freeze            |    59 |    83 ||   142
       Throw Frost       |    22 |    32 ||    54
Armor: Robe              |    20 |    26 ||    46
Dodge: Dodged            |    49 |    57 ||   106
